 Dungeon Crawl Stone Soup version 0.27-a0-1200-g94dc6ad4cf (webtiles) character file.

Game seed: 12495520008337567779

633 freelancePsychic the Agent of Entropy (level 7, -4/53 HPs)
             Began as a Demonspawn Abyssal Knight on May 31, 2021.
             Was a Priest of Lugonu.
             Succumbed to a gnoll sergeant's poison
             ... on level 4 of the Dungeon.
             The game lasted 00:10:05 (6695 turns).

freelancePsychic the Agent of Entropy (DsAK)        Turns: 6695, Time: 00:10:06

Health: -4/53      AC:  7    Str: 15    XL:     7   Next: 24%
Magic:  13/13      EV: 10    Int: 13    God:    Lugonu [***...]
Gold:   291        SH:  0    Dex: 12    Spells: 6/6 levels left

rFire    . . .     SeeInvis .   p - +2 whip (venom)
rCold    . . .     Faith    .   (no shield)
rNeg     . . .     Spirit   .   n - +0 ring mail
rPois    .         Reflect  .   (helmet restricted)
rElec    .         Harm     .   g - +0 cloak
rCorr    .         Rampage  .   (no gloves)
Will     .....                  e - +0 pair of boots
Stlth    +.........             (no amulet)
HPRegen  0.17/turn              (no ring)
MPRegen  0.13/turn              (no ring)

@: lethally poisoned (-4 -> -45)
A: horns 1, demonic guardian 2
a: Renounce Religion, Depart the Abyss, Bend Space, Banish


You were on level 4 of the Dungeon.
You worshipped Lugonu.
Lugonu was most pleased with you.
You visited 1 branch of the dungeon, and saw 5 of its levels.
You visited the Abyss 1 time.

You collected 291 gold pieces.

Inventory:

Hand Weapons
 a - a +1 falchion
 p - a +2 whip of venom (weapon)
Missiles
 b - 10 poisoned darts (quivered)
Armour
 e - a +0 pair of boots (worn)
 g - a +0 cloak (worn)
 n - a +0 ring mail (worn)
 s - a +0 pair of boots
Magical Staves
 j - a staff of earth
Wands
 h - a wand of paralysis (20)
Scrolls
 k - 2 scrolls of identify {@r1}
 l - 4 scrolls of teleportation {@r4}
 o - 2 scrolls of noise {unknown}
 r - a scroll of fog {unknown}
Potions
 c - a potion of haste {@q3}
 d - 2 potions of brilliance
 f - a potion of curing {@q1}
 i - a potion of might {unknown}
 q - a potion of heal wounds {unknown}


   Skills:
 + Level 3.8 Fighting
 - Level 3.6 Long Blades
 - Level 0.6 Maces & Flails
 + Level 0.0 Polearms
 - Level 1.7 Armour
 - Level 0.8 Dodging
 - Level 8.8 Invocations


You had 6 spell levels left.
You didn't know any spells.
Your spell library was empty.

Dungeon Overview and Level Annotations

Branches:
Dungeon (5/15)
 Temple: D:4-7

Altars:
Dithmenos
Yredelemnul
Zin
Beogh

Shops:
D:1 !   D:2 *=

Annotations:
D:3 3 runed translucent doors, gorlok231's ghost, amateur HuFi
Abyss:1 Blork the orc


Innate Abilities, Weirdness & Mutations

You have a pair of small horns on your head.
A demonic guardian rushes to your aid.


Message History

Things that are here:
a +0 dagger; an orc corpse You now have 291 gold pieces (gained 9).
You open the door.
There is an open door here. 2 gnolls and a gnoll sergeant come into view.
The gnoll sergeant is wielding a +2 spear of venom.
The gnoll shouts!
You hear a shout! x2
A gnoll comes into view. It is wielding a +0 spear.
You barely miss the gnoll. The gnoll closely misses you.
You hit the gnoll but do no damage.
The gnoll is poisoned.
You headbutt the gnoll.
The gnoll is moderately wounded.
The gnoll sergeant barely misses you. The gnoll hits you with a +0 club.
Press: ? - help, v - describe, . - travel
Here: a gnoll sergeant, wielding a +2 spear of venom, wearing a +0 scale mail and wearing a +0 kite shield The floor.
Unknown command.
There is an open door here.
There is a stone staircase leading up here.
You climb upwards.
There is a stone staircase leading down here.
You climb downwards.
There is a stone staircase leading up here.
The gnoll sergeant hits you from afar with a +2 spear of venom.
You are poisoned.
You feel very sick.
The gnoll sergeant hits you from afar with a +2 spear of venom!
You are more poisoned.
You feel very sick.
The gnoll sergeant hits you with a +2 spear of venom!
You are lethally poisoned!
There is a stone staircase leading up here.
You feel extremely sick.
The gnoll sergeant hits you with a +2 spear of venom!
* * * LOW HITPOINT WARNING * * *
A demonic guardian appears!
You are more poisoned.
You climb upwards.
You die...

.......#..........#
......##(..###...####
......##)..###+##...#
...................##
##<...##...........#
##....##...........#
...................#
...................#
................@..#
.....)...........g.#
......##....##..#######
......##....##..####..##
......##...............#
.......................#
.......................#
.................).....#
......###......###....##


You could see a gnoll sergeant.

Vanquished Creatures
  A black bear (D:5)
  An orc priest (D:5)
  A bullfrog skeleton (D:5)
  A hound (D:4)
  An orc wizard (D:3)
  An iguana (D:4)
  A hound zombie (D:5)
  A hound skeleton (D:4)
  6 adders
  3 gnolls (D:3)
  An adder skeleton (D:4)
  5 orcs
  4 bats
  8 endoplasms
  4 giant cockroaches
  6 goblins
  9 hobgoblins
  2 jackals (D:3)
  7 kobolds
  4 quokkas
  9 ball pythons
  4 frilled lizards
  3 rats
83 creatures vanquished.

Vanquished Creatures (collateral kills)
  Sigmund (D:4)
  A water moccasin skeleton (D:4)
  A hound zombie (D:5)
  A gnoll (D:4)
4 creatures vanquished.

Vanquished Creatures (others)
  6 plants (D:2)
6 creatures vanquished.

Grand Total: 93 creatures vanquished

Notes
Turn   | Place    | Note
-------+----------+-------------------------------------------
     0 | Abyss:1  | freelancePsychic the Demonspawn Abyssal Knight began the
                  | quest for the Orb.
     0 | Abyss:1  | Reached XP level 1. HP: 18/18 MP: 2/2
    17 | D:1      | Escaped the Abyss
    86 | D:1      | Found a faded altar of an unknown god.
   564 | D:1      | Found Kir Ynwu's Distillery.
   574 | D:1      | Gained mutation: A weak demonic guardian rushes to your
                  | aid. [demonic ancestry]
   574 | D:1      | Reached XP level 2. HP: 22/24 MP: 4/4
   625 | D:1      | Reached skill level 3 in Invocations
   888 | D:1      | Reached ** piety under Lugonu
  1031 | D:2      | Found Ybryodgh's Assorted Antiques.
  1143 | D:2      | Reached XP level 3. HP: 18/29 MP: 5/5
  1536 | D:2      | Found Ylukahia's Jewellery Emporium.
  2527 | D:3      | Found a shadowy altar of Dithmenos.
  2542 | D:3      | Reached XP level 4. HP: 37/37 MP: 6/6
  2560 | D:3      | Found a runed translucent gate.
  2561 | D:3      | Noticed gorlok231's ghost (amateur HuFi)
  2562 | D:3      | Found a runed translucent gate.
  2562 | D:3      | Found a runed translucent gate.
  3054 | D:3      | Reached skill level 4 in Invocations
  3234 | D:3      | Identified the +0 leather armour "Hulal" {rElec Dex+4}
  3291 | D:4      | Noticed Sigmund
  3294 | D:4      | Identified the +1 robe of the Forest {Harm Rampage rPois
                  | Str-3 Stlth-}
  3827 | D:3      | Found a shadowy altar of Dithmenos.
  3866 | D:3      | Found a runed translucent gate.
  3868 | D:3      | Found a runed translucent gate.
  3868 | D:3      | Found a runed translucent gate.
  4341 | D:4      | Reached *** piety under Lugonu
  4377 | D:3      | Gained mutation: A demonic guardian rushes to your aid.
                  | [demonic ancestry]
  4377 | D:3      | Reached XP level 5. HP: 33/42 MP: 8/8
  4565 | D:4      | Reached skill level 5 in Invocations
  4909 | D:4      | Found a basalt altar of Yredelemnul.
  5182 | D:4      | Reached skill level 6 in Invocations
  5182 | D:4      | Reached XP level 6. HP: 40/48 MP: 10/10
  5372 | D:4      | Killed Sigmund
  5373 | D:4      | Reached skill level 7 in Invocations
  5738 | D:5      | Entered Level 5 of the Dungeon
  6041 | D:5      | Reached skill level 8 in Invocations
  6041 | D:5      | Gained mutation: You have a pair of small horns on your
                  | head. [demonic ancestry]
  6041 | D:5      | Reached XP level 7. HP: 14/53 MP: 11/13
  6295 | D:5      | Noticed Blork the orc
  6306 | D:5      | Banished Blork the orc
  6695 | D:4      | Succumbed to a gnoll sergeant's poison

Illustrated notes

Levels and vault maps discovered:
D:1:      minmay_arrival_shattered_statue, layout_loops_ring, serial_shops,
          nicolae_shop_waterfront, hellmonk_ecumenical_altar_crossroads
D:2:      layout_loops_corners, serial_shops,
          nicolae_shop_temple_entry_statues_fountains, shop, serial_bayou,
          serial_bayou_pond_a, serial_bayou_lagoon_b, serial_bayou_crossing,
          serial_bayou_pond_d, serial_bayou_pond_b, grunt_decor_cap
D:3:      minmay_door_path, layout_loops_ring,
          grunt_dithmenos_smoke_and_mirrors, biasface_ghost_orc_armoury,
          hangedman_feature_mirror
D:4:      layout_gridville, marbit_many_paths, kennysheep_little_box,
          uniq_sigmund
D:5:      kennysheep_windowed_halls, layout_basic, minmay_fountain_box,
          roderic_st_hans_cross, uniq_menkaure, uniq_blork_the_orc

Skill      XL: |  1  2  3  4  5  6 |
---------------+-------------------+-----
Long Blades    | 2 3 |  3.6
Invocations    | 3 4 6 8 |  8.8
Fighting       | |  3.8
Maces & Flails | |  0.6
Armour         | |  1.7
Dodging        | |  0.8

Action                   |  1- 3 |  4- 6 |  7- 9 || total
-------------------------+-------+-------+-------++-------
Melee: Falchion          |   117 |   109 |       ||   226
       Whip              |       |    59 |    20 ||    79
       Headbutt          |       |       |     4 ||     4
Throw: Throwing net      |       |     1 |       ||     1
Invok: Banish            |       |       |     2 ||     2
  Use: Scroll            |     4 |     2 |     1 ||     7
       Potion            |       |     2 |       ||     2
 Stab: Sleeping          |     1 |       |       ||     1
Armor: Leather armour    |    33 |       |       ||    33
       Ring mail         |    12 |    85 |     9 ||   106
Dodge: Dodged            |    91 |   112 |    11 ||   214
       Rpst.: Falchion   |    32 |    18 |       ||    50

Table legend: (Time is in decaauts)
 A = Elapsed time spent in this place.
 B = Non-inter-level travel time spent in this place.
 C = Inter-level travel time spent in this place.
 D = Time resting spent in this place.
 E = Time spent auto-exploring this place.
 F = Levels seen in this place.
 G = Mean time per level.
                   A        B        C        D        E       F      G
               +--------+--------+--------+--------+--------+-----+--------+
         Total |   6787 |   6549 |    238 |    173 |   5441 |   6 | 1131.2 |
       Dungeon |   6770 |   6532 |    238 |    173 |   5432 |   5 | 1354.0 |
         Abyss |     17 |     17 |      0 |      0 |      9 |   1 |   17.0 |
               +--------+--------+--------+--------+--------+-----+--------+

Top non-repeatable levels by time:
     D:3: 2445 daAuts
     D:2: 1173 daAuts
     D:4: 1172 daAuts
     D:1: 1020 daAuts
     D:5: 959 daAuts
 Abyss:1: 17 daAuts
